 Dungeon Crawl Stone Soup version 0.22.1-1-ga44c0e5 (webtiles) character file.

25 Kalste the Ducker (level 3, 0/36 HPs)
             Began as an Ogre Wanderer on Oct 15, 2018.
             Succumbed to an adder's poison
             ... on level 1 of the Dungeon.
             The game lasted 00:08:20 (1096 turns).

Kalste the Ducker (Ogre Wanderer)                   Turns: 1096, Time: 00:08:21

Health: 0/36       AC:  4    Str: 15    XL:     3   Next: 4%
Magic:  3/3        EV: 10    Int: 12    God:
Gold:   69         SH:  0    Dex: 11    Spells: 2/2 levels left

rFire    . . .     SeeInvis .   i - -2 dagger (curse)
rCold    . . .     Gourm    .   (no shield)
rNeg     . . .     Faith    .   a - +1 robe
rPois    .         Spirit   .   (helmet restricted)
rElec    .         Reflect  .   (no cloak)
rCorr    .         Harm     .   (gloves unavailable)
MR       .....                  (boots unavailable)
Stlth    ++........             (no amulet)
HPRegen  0.12/turn              (no ring)
MPRegen  0.08/turn              (no ring)

@: lethally poisoned (0 -> -8)
A: large, unfitting armour, tough skin 1
a: no special abilities


You were on level 1 of the Dungeon.
You were not hungry.

You visited 1 branch of the dungeon, and saw 2 of its levels.

You collected 69 gold pieces.

Inventory:

Hand Weapons
 c - a +0 spear
 e - a +0 blowgun
 i - a cursed -2 dagger (weapon)
 o - a +2 spear of venom
Missiles
 b - a throwing net (quivered)
 d - 10 poisoned needles
 h - 6 arrows
 j - 4 tomahawks
Armour
 a - a +1 robe (worn)
Jewellery
 l - an uncursed ring of wizardry {unknown}
 p - a cursed -2 ring of intelligence {unknown}
Comestibles
 f - 2 rations


   Skills:
 * Level 2.4 Fighting
   Level 1.7 Maces & Flails
 - Level 2.0 Throwing
 + Level 0.5 Armour
 * Level 2.5 Dodging
 + Level 1.1 Stealth
 + Level 1.2 Unarmed Combat


You had 2 spell levels left.
You didn't know any spells.
Your spell library was empty.

Dungeon Overview and Level Annotations

Branches:
Dungeon (2/15)

Altars:


Innate Abilities, Weirdness & Mutations

You are too large for most types of armour.
You have tough skin. (AC +1)


Message History

You hit the adder but do no damage.
The adder is heavily wounded.
The adder bites you but does no damage. The adder barely misses you.
You hit the adder.
The adder is severely wounded.
The adder barely misses you.
You miss the adder.
The adder is severely wounded.
The adder bites you.
* * * LOW HITPOINT WARNING * * *
You closely miss the adder.
The adder is severely wounded.
The adder bites you.
* * * LOW HITPOINT WARNING * * *
You are lethally poisoned!
The adder poisons you! The adder bites you.
* * * LOW HITPOINT WARNING * * *
You are more poisoned.
The adder poisons you!
You die...

#..##....#.########.........
##.####......######......... #.#
#....#.....##.........
#.####.#...####..#.........
######...##.#.#..####.#.......(.
#...........#.##................
#.............######....##......
#.....)....#....#######.##......
#.........###.#@.S## #.###..###
#.........# #.###.>####.###..###
#.........###.####....#.........
#.........##......###....#......
#########.##......# ##..........
#.##......# #..#.......
#.......>.####..#......)
####......#.............
######......#.............


You could see an adder.

Vanquished Creatures
  A leopard gecko (D:1)
  3 giant cockroaches (D:1)
  3 goblins (D:1)
  4 hobgoblins (D:1)
  2 jackals (D:1)
  A kobold (D:1)
  4 bats (D:1)
  A rat (D:1)
19 creatures vanquished.

Notes
Turn   | Place    | Note
-------+----------+-------------------------------------------
     0 | D:1      | Kalste the Ogre Wanderer began the quest for the Orb.
     0 | D:1      | Kalste set off with: a +0 robe, 2 throwing nets, a +0
                  | spear, 10 poisoned needles, a +0 blowgun, a ration
     0 | D:1      | Reached XP level 1. HP: 19/19 MP: 1/1
   321 | D:1      | Reached XP level 2. HP: 27/28 MP: 2/2
   717 | D:1      | Reached XP level 3. HP: 9/36 MP: 3/3
  1047 | D:2      | Found a faded altar of an unknown god.
  1095 | D:1      | HP: 1/36 [adder (1)]
  1096 | D:1      | Succumbed to an adder's poison

Skill      XL: |  1  2 |
---------------+-------+-----
Fighting       | 2 |  2.4
Maces & Flails | |  1.7
Throwing       | |  2.0
Armour         | |  0.5
Dodging        | |  2.5
Stealth        | |  1.1
Unarmed Combat | |  1.2

Action                   || total
-------------------------++-------
Melee: Spear             ||    50
       Dagger            ||    88
Throw: Throwing net      ||     2
  Use: Scroll            ||     6
       Potion            ||     1
  Eat: Ration            ||     1
Armor: Robe              ||   128
Dodge: Dodged            ||   142
